 Dungeon Crawl Stone Soup version 0.24-a0-809-g71cb82dfb8 (webtiles) character file.

Game seed: 13706395062780872634, levelgen mode: deterministic

144 Johnny the Digger (level 4, -2/36 HPs)
             Began as a Demigod Earth Elementalist on Oct 10, 2019.
             Slain by a hornet (11 damage)
             ... while paralysed by a hornet
             ... on level 4 of the Dungeon.
             The game lasted 00:03:09 (2692 turns).

Johnny the Digger (Demigod Earth Elementalist)      Turns: 2692, Time: 00:03:09

Health: -2/36      AC:  2    Str: 11    XL:     4   Next: 76%
Magic:  7/10       EV:  2    Int: 21    God:
Gold:   162        SH:  0    Dex: 16    Spells: 7/8 levels left

rFire    . . .     SeeInvis .   n - +0 short sword
rCold    . . .     Gourm    .   (no shield)
rNeg     . . .     Faith    .   c - +0 robe
rPois    .         Spirit   .   (no helmet)
rElec    .         Reflect  .   (no cloak)
rCorr    .         Harm     .   (no gloves)
MR       .....                  (no boots)
Stlth    +++.......             (no amulet)
HPRegen  0.12/turn              q - ring of stealth
MPRegen  0.12/turn              (no ring)

@: paralysed, lethally poisoned (-2 -> -5), very slightly contaminated, slowed
A: high mp 1
a: no special abilities


You were on level 4 of the Dungeon.
You were very hungry.

You visited 1 branch of the dungeon, and saw 4 of its levels.

You collected 162 gold pieces.

Inventory:

Hand Weapons
 n - a +0 short sword (weapon)
Missiles
 b - 76 stones (quivered)
Armour
 c - a +0 robe (worn)
Jewellery
 q - a ring of stealth (left hand)
Wands
 l - a wand of scattershot (5)
Scrolls
 a - a scroll of identify
 f - a scroll of random uselessness
 h - a scroll of fog {unknown}
 j - 5 scrolls of noise
Potions
 g - a potion of magic {unknown}
 k - a potion of haste {unknown}
 m - a potion of mutation {unknown}
 r - a potion of lignification {unknown}
Comestibles
 d - 5 rations


   Skills:
 + Level 2.0 Fighting
 - Level 1.7 Dodging
 - Level 1.7 Stealth
 + Level 2.6 Spellcasting
   Level 0.8 Transmutations
 * Level 4.1 Earth Magic


You had 7 spell levels left.
You knew the following spells:

 Your Spells              Type           Power        Failure   Level  Hunger
a - Sandblast             Erth           ###...       2%          1    None

Your spell library contained the following spells:

 Spells                   Type           Power        Failure   Level  Hunger
 Passwall                 Tmut/Erth      ##......     8%          2    ##.....
 Stone Arrow              Conj/Erth      ##....       17%         3    ###....
 Petrify                  Tmut/Erth      ##......     43%         4    ####...
 Lee's Rapid Deconstruct  Erth           ###.......   56%         5    ######.


Dungeon Overview and Level Annotations

Branches:
Dungeon (4/15)
 Temple: D:4-7


Innate Abilities, Weirdness & Mutations

You have an increased reservoir of magic. (+10% MP)


Message History

Blink to where?
Press: ? - help, Dir - move target cursor, p - hornet You are very lightly contaminated with residual magic.
As you read the scroll labeled ZEOLECHAGUO, it crumbles to dust.
It was a scroll of blinking.
You are feeling very hungry.
As you read the scroll labeled DUGHIUS ACULOO, it crumbles to dust.
The creatures around you are filled with an inner flame!
It was a scroll of immolation.
You feel sick.
As you read the scroll labeled CAFISHR ADICS, it crumbles to dust.
It is a scroll of amnesia.
Really abort (and waste the scroll)?
Okay, then.
You feel sick.
As you read the scroll labeled ICUHAIRH YLAM, it crumbles to dust.
You feel aware of your surroundings.
It was a scroll of magic mapping.
You feel sick. The hornet stings you!
* * * LOW HITPOINT WARNING * * *
You suddenly lose the ability to move!
The hornet stings you!
You die...

*,,≈***≈,≈***≈,≈***≈,≈***≈,,,*
*,,≈≈≈≈≈,≈≈≈≈≈.≈≈≈≈≈.≈≈≈≈≈...#
*,,,,,,,,,,,.......?...,.....##
*,,≈≈≈≈≈,≈≈≈≈≈.≈≈≈≈≈.≈≈≈≈≈..,,.
*,,≈***≈,≈**#≈.≈#*#≈.≈#*#≈.#,**
*,,≈* *≈,≈* #≈.≈# #≈.≈# #≈.#,*
*,,≈***≈.≈###≈.≈###≈.≈###≈.#,##
*,,≈≈≈≈≈.≈≈≈≈≈.≈≈≈≈≈.≈≈≈≈≈.#,..
*,,,,,,.......@y....%......#*##
*,,≈≈≈≈≈.≈≈≈≈≈.≈≈≈≈≈.≈≈≈≈≈.##
*,,≈***≈.≈###≈.≈###≈.≈###≈..###
*,,≈* *≈,≈* #≈.≈# #≈.≈# #≈.....
*,,≈***≈,≈**#≈.≈#*#≈.≈#*#≈).##.
**,≈≈≈≈≈,≈≈≈≈≈.≈≈≈≈≈.≈≈≈≈≈.###.
*,,,,,,,,,,...............#*##
*,≈≈≈≈≈,≈≈≈≈≈.≈≈≈≈≈.≈≈≈≈≈..,,.
*,≈***≈,≈***≈,≈***≈.≈###≈..,..


You could see a hornet (inner flame).

Vanquished Creatures
  A bullfrog zombie (D:3)
  3 adders (D:2)
  2 oozes
  4 leopard geckos
  4 orcs (D:3)
  4 giant cockroaches
  6 goblins
  10 hobgoblins
  3 jackals (D:3)
  6 kobolds
  3 quokkas
  A ball python (D:3)
  5 bats
  4 frilled lizards
  10 rats
66 creatures vanquished.

Notes
Turn   | Place    | Note
-------+----------+-------------------------------------------
     0 | D:1      | Johnny the Demigod Earth Elementalist began the quest for
                  | the Orb.
     0 | D:1      | Reached XP level 1. HP: 14/14 MP: 5/5
   116 | D:1      | Reached skill level 3 in Earth Magic
   199 | D:1      | Reached XP level 2. HP: 12/22 MP: 5/7
   422 | D:1      | Found a shattered altar of Ashenzari.
   494 | D:2      | Reached skill level 1 in Fighting
   553 | D:2      | Reached XP level 3. HP: 24/28 MP: 3/8
   640 | D:2      | Found a glowing golden altar of the Shining One.
   715 | D:2      | Found a sacrificial altar of Ru.
   865 | D:2      | Found an iron altar of Okawaru.
   869 | D:2      | Found a white marble altar of Elyvilon.
   874 | D:2      | Found a snail-covered altar of Cheibriados.
  1245 | D:3      | Found a burning altar of Makhleb.
  1689 | D:3      | Reached XP level 4. HP: 26/35 MP: 10/10
  1692 | D:3      | Found a basalt altar of Yredelemnul.
  1699 | D:3      | Found a faded altar of an unknown god.
  2383 | D:3      | Reached skill level 4 in Earth Magic
  2680 | D:4      | Noticed a hornet
  2686 | D:4      | Paralysed by a hornet for 1 turns
  2692 | D:4      | Paralysed by a hornet for 1 turns
  2692 | D:4      | Slain by a hornet

Levels and vault maps discovered:
D:1:      mrwooster_arrival_arrow, layout_rooms, evilmike_ruin_ashenzari
D:2:      layout_rooms, lemuel_crystal_altar, minmay_overflow_temple_star_quad,
          nicolae_ru_awakened_eye, minmay_pentomino_u4
D:3:      layout_basic, bloody_makhleb, marbit_many_paths,
          chequers_ecumenical_altar_simple_redux
D:4:      layout_loops_ring, first_ration, kennysheep_boxes

Skill      XL: |  1  2  3  4 |
---------------+-------------+-----
Earth Magic    | 3 4 |  4.1
Spellcasting   | 2 |  2.6
Fighting       | 1 2 |  2.0
Dodging        | |  1.7
Stealth        | |  1.7
Transmutations | |  0.8

Action                   |  1- 3 |  4- 6 || total
-------------------------+-------+-------++-------
Melee: Unarmed           |    31 |       ||    31
       Short sword       |    79 |    54 ||   133
 Cast: Sandblast         |    33 |     8 ||    41
  Use: Scroll            |       |     6 ||     6
       Potion            |       |     1 ||     1
 Stab: Sleeping          |     5 |     4 ||     9
  Eat: Chunk             |     2 |     3 ||     5
Armor: Robe              |    38 |     9 ||    47
Dodge: Dodged            |    85 |    35 ||   120

Table legend:
 A = Non-vault XP
 B = Vault XP
 C = Vault XP percentage of total XP
 D = Non-vault monster count
 E = Vault monster count
 F = Vault count percentage of total count
                 A         B        C        D         E       F
            +---------+---------+-------+---------+---------+-------
      Total |     199 |       7 |   3.4 |      62 |       4 |   6.1
            +---------+---------+-------+---------+---------+-------
        D:1 |      28 |       0 |   0.0 |      16 |       0 |   0.0
        D:2 |      61 |       5 |   7.6 |      16 |       3 |  15.8
        D:3 |     103 |       2 |   1.9 |      29 |       1 |   3.3
        D:4 |       7 |       0 |   0.0 |       1 |       0 |   0.0
            +---------+---------+-------+---------+---------+-------
